 Dungeon Crawl Stone Soup version 0.29-a0-356-g7bc237e783 (webtiles) character file.

Game seed: 397595345844455756

32 spaghetti the Caller (level 3, 14/14 HPs)
             Began as a Felid Summoner on Apr 26, 2022.
             Quit the game on level 2 of the Dungeon.
             The game lasted 00:05:05 (3153 turns).

spaghetti the Caller (Felid Summoner)               Turns: 3153, Time: 00:05:05

Health: 14/14      AC:  1    Str:  4    XL:     3   Next: 8%
Magic:  7/7        EV: 17    Int: 18    God:
Gold:   93         SH:  0    Dex: 16    Spells: 3/6 levels left
                                        Lives:  0   Deaths: 1

rFire   . . .      SeeInvis +   (weapon unavailable)
rCold   . . .      Faith    .   (shield unavailable)
rNeg    . . .      Spirit   .   (body armour unavailable)
rPois   .          Reflect  .   (helmet unavailable)
rElec   .          Harm     .   (cloak unavailable)
rCorr   .          Rampage  .   (gloves unavailable)
Will    .....                   (boots unavailable)
Stlth   ++........              (no amulet)
HPRegen 0.04/turn               (no ring)
MPRegen 0.10/turn               (no ring)

@: quick
A: very small, claws 1, fangs 3, see invisible, speed 1, shaggy fur 1, stealthy
paws, no weapons or thrown items, no armour, multi-lived
a: no special abilities


You were on level 2 of the Dungeon.
You visited 1 branch of the dungeon, and saw 2 of its levels.

You collected 93 gold pieces.


Innate Abilities, Weirdness & Mutations

You have sharp claws.
You have razor-sharp teeth.
You have supernaturally acute eyesight. (SInv)
You cover ground quickly. (Speed+)
You are covered in fur. (AC +1)
Your paws help you pounce on unaware monsters.
You are incapable of wielding weapons or throwing items.
You cannot wear armour.
You gain extra lives every three experience levels.


   Skills:
 - Level 2.6 Dodging
 - Level 2.6 Stealth
 - Level 2.0 Spellcasting
 + Level 5.7 Summonings


You had 3 spell levels left.
You knew the following spells:

 Your Spells              Type           Power      Damage    Failure   Level
a - Summon Small Mammal   Summ           88%        N/A       1%          1
b - Call Imp              Summ           22%        N/A       2%          2

Your spell library contained the following spells:

 Spells                   Type           Power      Damage    Failure   Level
 Call Canine Familiar     Summ           22%        N/A       5%          3
 Summon Guardian Golem    Hex/Summ       12%        N/A       17%         3
 Dazzling Flash           Conj/Hex       2%         N/A       47%         3
 Gell's Gravitas          Tloc           1%         N/A       47%         3
 Lesser Beckoning         Tloc           1%         N/A       47%         3
 Teleport Other           Tloc           1%         N/A       47%         3
 Summon Lightning Spire   Summ/Air       12%        N/A       50%         4
 Iskenderun's Mystic Bla  Conj/Tloc      1%         2d3       87%         4
 Starburst                Conj/Fire      0%         6d3       100%        6

Inventory:

Scrolls
 c - 2 scrolls of identify {unknown}
Potions
 a - a potion of magic
 b - 2 potions of brilliance

Dungeon Overview and Level Annotations

Branches:
Dungeon (2/15)

Altars:

Shops:
D:1 ?[:=

.................
......##.####..##
>..........##..#
.....###.#.....#
...........#..# #
#######....##
#.........#
#.##.##.#.######
#.#####.#..@...#
#..5.......###.#
########...####8#)#
###..5.....#####....#
#...###########.....#
..###......##8......#
....'......##.....#.#
.###########.....8###
....#8###8#.....###


There were no monsters in sight!


Message History

Confirm with . or Enter, or press ? or * to list all spells.
The kobold shouts!
Your crimson imp blinks! 😎 MP[-1]
You lost 1 mp, and now have 4/7 mp.
Casting: Summon Small Mammal (safe; 1% risk of failure)
Confirm with . or Enter, or press ? or * to list all spells.
😎 MP[-1]
You lost 1 mp, and now have 3/7 mp.
You swap places.
The kobold misses your rat. What are your orders? t - Meow!
Orders for allies: a - Attack new target. r - Retreat! s - Stop attacking. g - Guard the area. f - Follow me.
Anything else - Cancel.
Gang up on whom?
Press: ? - help, Dir - move target, f - kobold
Aim: a kobold, wielding a +0 short sword of venom (ally target) Attack!
Your crimson imp blinks!
Your rat misses the kobold. The kobold barely misses your rat.
Your rat bites the kobold but does no damage.
Your rat completely misses the kobold.
The kobold barely misses your rat.
Your crimson imp blinks!
Your rat bites the kobold. x2
The kobold dies!
You start resting.
Your crimson imp blinks!
Your rat disappears in a puff of smoke! x2
Your crimson imp disappears in a puff of smoke! 😎 MP[+4]
Your mp is fully restored (7).
b - 3 brown potions (gained 2) Key pressed, stopping explore.
An adder comes into view.
The adder hisses angrily.
An adder is nearby!
An adder is nearby!
You scratch the adder but do no damage. You bite the adder.
The adder barely misses you.
You scratch the adder. The adder closely misses you.
You barely miss the adder. The adder bites you.
You are poisoned.
The adder poisons you!
You are too injured to fight recklessly!
You are too injured to fight recklessly!
You are too injured to fight recklessly! 😕 HP[-2]
You take 2 damage, and now have 12/14 hp.
Casting: Summon Small Mammal (safe; 1% risk of failure)
Confirm with . or Enter, or press ? or * to list all spells.
A beastly little devil appears in a puff of frigid air.
You feel sick.
The adder barely misses you. x2 😮 HP[-2] MP[-2]
You take 2 damage, and now have 10/14 hp.
You lost 2 mp, and now have 5/7 mp.
Casting: Call Imp (safe; 2% risk of failure)
Confirm with . or Enter, or press ? or * to list all spells.
You feel sick. The adder bites you.
* * * LOW HITPOINT WARNING * * *
You are lethally poisoned!
The adder poisons you! 😨 HP[-4] MP[-1]
You take 4 damage, and now have 6/14 hp.
MASSIVE DAMAGE!! (PAUSE)
You lost 1 mp, and now have 4/7 mp.
You swap places.
The adder attacks as you move away! The adder misses you.
* * * LOW HITPOINT WARNING * * *
You feel sick. The adder misses your quokka. 😨 HP[-2]
You take 2 damage, and now have 4/14 hp.
You swap places.
* * * LOW HITPOINT WARNING * * *
You feel sick.
Your quokka bites the adder.
The adder dies!
You have reached level 4!
Extra life! 😱 HP[-1]
You now have 18 max hp (+4).
It was a potion of brilliance.
You feel clever all of a sudden.
* * * LOW HITPOINT WARNING * * *
You feel sick. 😱 HP[-2]
You take 2 damage, and now have 1/18 hp.
You are brilliant.
You are lethally poisoned (1 -> -4).
Your movement speed is quick.
Your attack delay is about 1.0.
Okay, then.
There is a lethal amount of poison in your body!
Unknown command.
You die...
You feel sick.
You are now level 3!
You rejoin the land of the living... 😎 HP[+13] MP[+3]
You now have 14 max hp (-4).
Your hp is fully restored (14).
Your mp is fully restored (7).
Are you sure you want to abandon this character and quit the game? (Confirm with "yes".)

Skill      XL: |  1  2 |
---------------+-------+-----
Summonings     | 5 |  5.7
Dodging        | |  2.6
Stealth        | |  2.6
Spellcasting   | |  2.0

Action                   |  1- 3 |  4- 6 || total
-------------------------+-------+-------++-------
Melee: Unarmed           |    56 |       ||    56
       Bite              |     7 |       ||     7
       Punch             |     1 |       ||     1
 Cast: Summon Small Mamm |    36 |       ||    36
       Call Imp          |    26 |       ||    26
  Use: Potion            |     1 |     1 ||     2
 Stab: Sleeping          |     4 |       ||     4
       Distracted        |     1 |       ||     1
Armor: Skin              |     2 |       ||     2
Dodge: Dodged            |    58 |       ||    58

Levels and vault maps discovered:
D:1:      onia_arrival_pentagram, layout_loops_ring, serial_shops, shop,
          nicolae_diamond_shop, shop, nicolae_diamond_shop,
          hellmonk_ecumenical_altar_pennies_from_heaven
D:2:      layout_basic, serial_corexii_hall, corexii_hall_statues_i,
          chequers_hall_statues_wall_a, chequers_hall_statues_y,
          corexii_hall_statues_i

Notes
Turn   | Place    | Note
-------+----------+-------------------------------------------
     0 | D:1      | spaghetti the Felid Summoner began the quest for the Orb.
     0 | D:1      | Reached XP level 1. HP: 7/7 MP: 4/4
     0 | D:1      | magus.rc [v1.9.6]
   137 | D:1      | Reached XP level 2. HP: 11/11 MP: 4/6
   164 | D:1      | Learned a level 2 spell: Call Imp
   762 | D:1      | You pick up a book of Displacement and begin reading...
   762 | D:1      | You add the spells Lesser Beckoning, Gell's Gravitas and
                  | Teleport Other to your library.
   869 | D:1      | Found Zimeysk's Antique Armour Shoppe.
   879 | D:1      | HP: 2/11 [kobold/+0 dagger (3)]
  1168 | D:1      | HP: 1/11 [frozen (5)]
  1538 | D:1      | Reached skill level 5 in Summonings
  1584 | D:1      | Found Uryesuits's Book Shop.
  1595 | D:1      | Reached XP level 3. HP: 14/14 MP: 4/7
  1644 | D:1      | Found a faded altar of an unknown god.
  1661 | D:1      | Found Alerutyn's Jewellery Shop.
  1756 | D:1      | Found Quog's Magic Scroll Shop.
  1773 | D:1      | You pick up a book of Spectacle and begin reading...
  1773 | D:1      | You add the spells Dazzling Flash, Iskenderun's Mystic
                  | Blast and Starburst to your library.
  1833 | D:2      | You pick up a book of Callings and begin reading...
  2308 | D:2      | HP: 3/14 [poisoned by an adder]
  3150 | D:2      | HP: 2/14 [poisoned by an adder]
  3151 | D:2      | Reached XP level 4. HP: 3/18 MP: 4/8
  3152 | D:2      | Succumbed to an adder's poison
  3153 | D:2      | Reached XP level 3. HP: 0/14 MP: 4/7
  3153 | D:2      | Quit the game

Vanquished Creatures
  2 endoplasms (D:2)
  2 goblins
  A kobold (D:1)
  2 ball pythons
  A frilled lizard (D:2)
8 creatures vanquished.

Vanquished Creatures (collateral kills)
  3 adders (D:2)
  A worm (D:2)
  2 dart slugs
  5 endoplasms
  2 giant cockroaches (D:1)
  2 goblins
  2 hobgoblins
  4 jackals (D:1)
  A quokka (D:1)
  A ball python (D:1)
  A bat (D:1)
  A frilled lizard (D:2)
  3 kobolds
  3 rats (D:1)
31 creatures vanquished.

Grand Total: 39 creatures vanquished

Table legend:
 A = Non-vault XP
 B = Vault XP
 C = Vault XP percentage of total XP
 D = Non-vault monster count
 E = Vault monster count
 F = Vault count percentage of total count
                 A         B        C        D         E       F
            +---------+---------+-------+---------+---------+-------
      Total |     106 |       0 |   0.0 |      39 |       0 |   0.0
            +---------+---------+-------+---------+---------+-------
        D:1 |      43 |       0 |   0.0 |      24 |       0 |   0.0
        D:2 |      63 |       0 |   0.0 |      15 |       0 |   0.0
            +---------+---------+-------+---------+---------+-------

Illustrated notes

Table legend:
 A = Kills in this place as a percentage of kills in entire the game.
 B = Kills by you in this place as a percentage of kills by you in the entire game.
 C = Kills by friends in this place as a percentage of kills by friends in the entire game.
 D = Other kills in this place as a percentage of other kills in the entire game.
 E = Experience gained in this place as a percentage of experience gained in the entire game.
 F = Experience gained in this place divided by the number of levels of this place that you have seen.
                   A       B       C       D       E      F
               +-------+-------+-------+-------+-------+----------------------
         Total | 100.0 | 100.0 | 100.0 |   N/A | 100.0 |  53.0
       Dungeon | 100.0 | 100.0 | 100.0 |   N/A | 100.0 |  53.0
               +-------+-------+-------+-------+-------+----------------------

Table legend: (Time is in decaauts)
 A = Elapsed time spent in this place.
 B = Non-inter-level travel time spent in this place.
 C = Inter-level travel time spent in this place.
 D = Time resting spent in this place.
 E = Time spent auto-exploring this place.
 F = Levels seen in this place.
 G = Mean time per level.
                   A        B        C        D        E       F      G
               +--------+--------+--------+--------+--------+-----+--------+
         Total |   2953 |   2940 |     13 |    552 |   1992 |   2 | 1476.5 |
       Dungeon |   2953 |   2940 |     13 |    552 |   1992 |   2 | 1476.5 |
               +--------+--------+--------+--------+--------+-----+--------+

Top non-repeatable levels by time:
     D:1: 1709 daAuts
     D:2: 1244 daAuts
